AoeStats
← 888

Arena

510096792Analyzed
4v4 RM · 3d ago on Sep 29, 2026· 43m 57s· 8 players
Game mode
Random Map
Map size
Large (8 player)
Population
200
Speed
Normal
Resources
Standard
Victory
Conquest
Starting age
Dark Age
Ending age
Imperial Age
RankedLock teamsTeams togetherTeam positionsShared explorationLock speedFull tech treeHidden civsTurbo modeCheats
Victory
Defeat
🇨🇳 Muisca · China
1371
+11
🇨🇳 Magyars · China
1299
+14
🇮🇳 Romans · India
1254
+15
🇮🇳 Ethiopians · India
1246
+16
🇷🇺 Ethiopians · Russia
1263
-15
🇫🇷 Cumans · France
1244
-14
🇹🇼 Franks · Taiwan
1243
-14
🇦🇷 Danes · Argentina
1236
-13
plesae963
5:48 Loom
11:30 Feudal Age
12:38 Double-Bit Axe
15:51 Castle Age
14:13 Gold Mining
19:31 Forging
20:47 Bow Saw
24:58 Wheelbarrow
24:28 Husbandry
26:07 Gold Shaft Mining
29:21 Imperial Age
29:50 Hand Cart
29:40 Cavalier
30:49 Treadmill Crane
31:31 Paladin
33:46 Scale Barding Armor
34:29 Iron Casting
37:04 Blast Furnace
36:25 Chain Barding Armor
35:46 Light Cavalry
39:43 Plate Barding Armor
39:25 Squires
40:12 Pikeman
41:11 Devotion
41:42 Chivalry
42:03 Conscription
42:06 Halberdier
42:54 Scale Mail Armor
888
8:55 Feudal Age
9:51 Double-Bit Axe
9:49 Horse Collar
19:29 Castle Age
18:45 Loom
19:46 Wheelbarrow
19:35 Scale Barding Armor
19:41 Forging
19:46 Bloodlines
20:52 Heavy Plow
21:06 Bow Saw
22:40 Capped Ram
24:15 Gold Mining
24:59 Chain Barding Armor
28:19 Hand Cart
29:18 Iron Casting
30:33 Light Cavalry
36:03 Imperial Age
35:36 Gold Shaft Mining
37:33 Plate Barding Armor
37:08 Cavalier
39:52 Crop Rotation
39:20 Paladin
41:35 Blast Furnace
40:03 Hussar
WAnds | danila90r
10:40 Feudal Age
11:51 Double-Bit Axe
14:40 Castle Age
13:00 Horse Collar
14:15 Wheelbarrow
21:06 Bow Saw
25:35 Forging
28:55 Imperial Age
26:12 Loom
26:51 Devotion
27:54 Iron Casting
31:19 Blast Furnace
30:25 Scale Barding Armor
31:44 Two-Man Saw
32:06 Hand Cart
31:54 Husbandry
31:20 Light Cavalry
32:25 Faith
32:21 Town Watch
33:01 Hussar
34:41 Chain Barding Armor
老謙
9:57 Feudal Age
11:13 Double-Bit Axe
14:06 Castle Age
12:04 Horse Collar
15:31 Gold Mining
17:57 Loom
18:09 Stone Mining
25:01 Bow Saw
26:20 Wheelbarrow
26:49 Heavy Plow
27:27 Gold Shaft Mining
27:08 Squires
28:01 Town Watch
28:39 Scale Mail Armor
29:27 Forging
29:33 Arson
29:34 Gambesons
30:07 Hand Cart
29:52 Town Patrol
30:23 Chain Mail Armor
30:33 Hamask
34:07 Imperial Age
32:04 Ballistics
32:45 Iron Casting
33:57 Pikeman
35:26 Conscription
34:28 Elite Jomsviking
35:42 Plate Mail Armor
34:47 Halberdier
36:44 Blast Furnace
37:33 Northmen's Fury
37:37 Onager
39:32 Siege Onager
manny
10:29 Feudal Age
11:47 Double-Bit Axe
14:09 Castle Age
12:37 Loom
12:44 Horse Collar
19:21 Redemption
26:47 Bow Saw
27:24 Town Watch
28:26 Wheelbarrow
29:48 Masonry
30:40 Heavy Plow
35:02 Imperial Age
33:11 Pikeman
33:54 Scale Mail Armor
34:04 Forging
35:53 Ballistics
35:41 Ballistas
36:13 Heavy Scorpion
36:54 Halberdier
37:35 Squires
36:55 Man-at-Arms
38:35 Conscription
40:52 Capped Ram
41:15 Long Swordsman
42:28 Siege Ram
Hyderabad (Ind)
10:50 Feudal Age
14:40 Castle Age
12:37 Double-Bit Axe
12:36 Horse Collar
16:58 Bow Saw
18:47 Heavy Plow
23:47 Masonry
23:51 Fortified Wall
23:52 Crossbowman
24:25 Fletching
24:35 Padded Archer Armor
25:20 Bodkin Arrow
26:08 Ballistics
28:00 Wheelbarrow
27:10 Loom
27:11 Town Watch
27:43 Leather Archer Armor
31:13 Imperial Age
30:23 Hand Cart
30:22 Masonry
30:14 Gold Mining
30:14 Stone Mining
30:48 Forging
30:53 Stone Mining
31:16 Arbalester
32:26 Conscription
33:28 Chemistry
33:02 Thumb Ring
33:54 Bracer
34:58 Ring Archer Armor
34:38 Town Patrol
35:46 Two-Man Saw
35:54 Architecture
38:19 Torsion Engines
38:33 Siege Engineers
43:04 Coinage
HelloAOE
11:37 Feudal Age
12:45 Double-Bit Axe
12:42 Horse Collar
15:29 Castle Age
17:17 Wheelbarrow
18:03 Scale Barding Armor
21:11 Bloodlines
25:15 Husbandry
26:07 Chain Barding Armor
26:48 Hand Cart
28:46 Loom
31:55 Imperial Age
29:55 Town Watch
30:43 Bow Saw
31:57 Gold Mining
31:58 Stone Mining
31:58 Cavalier
33:25 Plate Barding Armor
34:48 Paladin
40:41 Coinage
42:23 Light Cavalry
42:54 Fletching
43:05 Padded Archer Armor
SlyFever
12:07 Feudal Age
13:06 Double-Bit Axe
13:30 Horse Collar
15:54 Castle Age
17:08 Loom
20:25 Imperial Age
19:01 Sanctity
18:36 Gold Mining
20:57 Gold Shaft Mining
21:22 Block Printing
22:11 Illumination
25:30 Theocracy
25:47 Fervor
25:40 Fletching
38:08 Bow Saw
37:59 Heavy Plow
38:52 Scale Mail Armor
40:36 Wheelbarrow
39:46 Town Watch
40:47 Chain Mail Armor
40:42 Town Watch
41:21 Redemption
44:45 Hand Cart
Connection lost

Rejoining the realm…

Still unreachable

The connection could not be restored.

Session expired

The server has moved on; the page needs a fresh start.